 Dungeon Crawl Stone Soup version 0.30-a0-782-ge64f9170bb (webtiles) character file.

Game seed: 14585414746375621734

38 112233 the Ducker (level 3, 0/27 HPs)
             Began as a Djinni Hedge Wizard on Feb 27, 2023.
             Slain by a worm (10 damage)
             ... on level 2 of the Dungeon.
             The game lasted 00:00:37 (1105 turns).

112233 the Ducker (Djinni Hedge Wizard)             Turns: 1105, Time: 00:00:37

Health: 0/27       AC:  2    Str:  9    XL:     3   Next: 65%
Gold:   72         EV: 12    Int: 17    God:
                   SH:  0    Dex: 12

rFire   + + .      SeeInvis .    a - +0 dagger
rCold   x . .      Faith    .    (no shield)
rNeg    . . .      Spirit   .    b - +0 robe
rPois   ∞          Reflect  .    c - +0 hat
rElec   .          Harm     .    (no cloak)
rCorr   .          Rampage  .    (no gloves)
Will    .....                    (boots unavailable)
Stlth   ++                       (no amulet)
HPRegen 0.24/turn                (no ring)
MPRegen 0.00/turn                (no ring)

@: flying, very slightly contaminated
A: sickness immunity, fire resistance 2, cold vulnerability 1, float, innate
caster, HP casting, extra vitality 1
a: no special abilities


You were on level 2 of the Dungeon.
You visited 1 branch of the dungeon, and saw 2 of its levels.

You collected 72 gold pieces.

Inventory:

Hand Weapons
 a - a +0 dagger (weapon)
Armour
 b - a +0 robe (worn)
 c - a +0 hat (worn)
Scrolls
 e - a scroll of identify {unknown}
 f - a scroll of acquirement {unknown}
 g - a scroll of silence {unknown}
 h - a scroll of teleportation {unknown}
 i - a scroll of amnesia {unknown}
 j - a scroll of enchant weapon {unknown}
Potions
 d - 2 potions of resistance {unknown}


   Skills:
 + Level 1.0 Fighting
 + Level 3.0 Dodging
 - Level 1.9 Stealth
 + Level 2.8 Spellcasting


You couldn't memorise any spells.
You knew the following spells:

 Your Spells              Type           Power      Damage    Failure   Level
a - Magic Dart            Conj           44%        1d5       5%          1
b - Slow                  Hex            44%        N/A       5%          1
c - Blink                 Tloc           22%        N/A       9%          2
d - Call Imp              Summ           11%        N/A       9%          2
e - Mephitic Cloud        Conj/Pois/Air  11%        N/A       17%         3
f - Apportation           Tloc           22%        N/A       5%          1
Your spell library was empty.

Dungeon Overview and Level Annotations

Branches:
Dungeon (2/15)

Altars:


Innate Abilities, Weirdness & Mutations

You are immune to sickness and miasma.
You are immune to poison.
Your flesh is very heat resistant. (rF++)
You are vulnerable to cold. (rC-)
You float through the air rather than walking.
You learn spells naturally, not from books.
Your magical power is your life essence.
You have superior vitality. (+4 MHP)


Message History

Aim: a worm (heavily wounded, 100% to hit)
The magic dart hits the worm.
The worm is heavily wounded.
A worm is nearby!
Casting: Magic Dart (safe; 5% risk of failure)
Confirm with . or Enter, or press ? or * to list all spells.
Aiming: Magic Dart (safe; 5% risk of failure)
Press: ? - help, Shift-Dir - straight line, f/p - worm
Aim: a worm (heavily wounded, 100% to hit)
You miscast Magic Dart.
You are very lightly contaminated with residual magic.
Nothing appears to happen.
The worm closely misses you.
A worm is nearby!
Casting: Magic Dart (safe; 5% risk of failure)
Confirm with . or Enter, or press ? or * to list all spells.
Aiming: Magic Dart (safe; 5% risk of failure)
Press: ? - help, Shift-Dir - straight line, f/p - worm
Aim: a worm (heavily wounded, 100% to hit)
The magic dart hits the worm.
The worm is heavily wounded.
The worm bites you!
A worm is nearby!
A worm is nearby!
Casting: Magic Dart (safe; 5% risk of failure)
Confirm with . or Enter, or press ? or * to list all spells.
Aiming: Magic Dart (safe; 5% risk of failure)
Press: ? - help, Shift-Dir - straight line, f/p - worm
Aim: a worm (heavily wounded, 100% to hit)
The magic dart hits the worm.
The worm is heavily wounded.
A worm is nearby!
Casting: Magic Dart (safe; 5% risk of failure)
Confirm with . or Enter, or press ? or * to list all spells.
Aiming: Magic Dart (safe; 5% risk of failure)
Press: ? - help, Shift-Dir - straight line, f/p - worm
Aim: a worm (heavily wounded, 100% to hit)
The magic dart hits the worm.
The worm is almost dead.
The worm bites you!
You die...

#.#...#.#........# #.#
#..#.#..##############.#
#.#.†.#.# #.....### ###.......#
#.#.....# . #.........#
######.#.###.# ..####.#.##.#.##
.....##.#.# #..
.......#.##.#.####.....##.#.###.#
.........##.#.##.w.....##.#.....#
.......#.##.#>##@# #......##
..####.#......##.# ###.##.##
#......# #.# #.##.## ####.##.#
#.# #...... #.......# #.# ####.##
#.##.##.####.# #.#
#.##.........### ######.#
#.#####........# #......#
#.#####.....##.# #.######


You could see a worm.

Vanquished Creatures
  2 dart slugs (D:1)
  2 ball pythons
  A bat (D:1)
  4 endoplasms (D:1)
  A giant cockroach (D:1)
  4 goblins
  5 hobgoblins
  2 quokkas (D:1)
  2 frilled lizards (D:1)
  3 kobolds (D:1)
  4 rats (D:1)
30 creatures vanquished.

Notes
Turn   | Place    | Note
-------+----------+-------------------------------------------
     0 | D:1      | 112233 the Djinni Hedge Wizard began the quest for the Orb.
     0 | D:1      | 112233 set off with the following spells memorised: Magic
                  | Dart, Slow, Blink, Call Imp, Mephitic Cloud.
     0 | D:1      | Reached XP level 1. HP: 15/15 MP: 0/0
    77 | D:1      | Reached XP level 2. HP: 19/21 MP: 0/0
   354 | D:1      | Reached XP level 3. HP: 15/26 MP: 0/0
   354 | D:1      | Learned a level 1 spell: Apportation
   946 | D:2      | Reached skill level 1 in Fighting
   976 | D:2      | Reached skill level 3 in Dodging
  1105 | D:2      | Slain by a worm

Illustrated notes

Levels and vault maps discovered:
D:1:      dpeg_arrival_lava_temple_mockup, layout_rooms,
          amcnicky_mini_corridor_feature, amethyst_killhole
D:2:      layout_loops_cross, shapermc_ecumenical_altar_starsandcircs,
          minmay_misc_feat_roman, minmay_goblin_outpost

Skill      XL: |  1  2  3 |
---------------+----------+-----
Fighting       | 1 |  1.0
Dodging        | 3 |  3.0
Stealth        | |  1.9
Spellcasting   | |  2.8

Action                     || total
---------------------------++-------
   Cast: Magic Dart        ||    92
 Armour: Robe              ||     5
  Dodge: Dodged            ||    11

Table legend: (Time is in decaauts)
 A = Elapsed time spent in this place.
 B = Non-inter-level travel time spent in this place.
 C = Inter-level travel time spent in this place.
 D = Time resting spent in this place.
 E = Time spent auto-exploring this place.
 F = Levels seen in this place.
 G = Mean time per level.
                   A        B        C        D        E       F      G
               +--------+--------+--------+--------+--------+-----+--------+
         Total |   1104 |   1063 |     41 |      0 |    924 |   2 |  552.0 |
       Dungeon |   1104 |   1063 |     41 |      0 |    924 |   2 |  552.0 |
               +--------+--------+--------+--------+--------+-----+--------+

Top non-repeatable levels by time:
     D:1: 853 daAuts
     D:2: 251 daAuts
